 Dungeon Crawl Stone Soup version 0.18.1-48-g4cf74bf (webtiles) character file.

13150 hairmachine the Grappler (level 11, 0/109 HPs)
             Began as a Troll Abyssal Knight on July 25, 2016.
             Was the Champion of Lugonu.
             Slain by a five-headed hydra (7 damage)
             ... on level 4 of the Lair of Beasts.
             The game lasted 00:37:36 (12408 turns).

hairmachine the Grappler (Troll Abyssal Knight)    Turns: 12408, Time: 00:37:38

Health: 0/109      AC:  9    Str: 29    XL:     11   Next: 71%
Magic:  14/14      EV:  7    Int:  8    God:    Lugonu [******]
Gold:   709        SH:  0    Dex: 11    Spells: 0 memorised, 10 levels left

rFire  . . .     SeeInvis .       - Unarmed
rCold  . . .     Gourm    +     a - +1 robe
rNeg   . . .     Faith    .     (no shield)
rPois  .         Spirit   .     (helmet restricted)
rElec  .         Dismiss  .     o - +2 cloak
rCorr  .         Reflect  .     (gloves unavailable)
SustAt .         Harm     .     (boots unavailable)
MR     .....                    (no amulet)
Stlth  +.........               q - +6 ring of strength
                                H - +2 ring of slaying

@: lethally poisoned (0 -> -4), not resistant to hostile enchantments, very
unstealthy
A: unfitting armour, claws 3, fast metabolism 3, gourmand, regeneration 2,
shaggy fur 1, tough skin 2
a: Depart the Abyss, Bend Space, Banish, Corrupt, Enter the Abyss, Brand Weapon
With Distortion, Renounce Religion


You were on level 4 of the Lair of Beasts.
You worshipped Lugonu.
Lugonu was exalted by your worship.
You were full.

You visited 2 branches of the dungeon, and saw 13 of its levels.
You visited the Abyss 1 time.

You collected 709 gold pieces.

Inventory:

Missiles
 m - 193 stones (quivered)
 w - 4 tomahawks
 z - 4 poisoned tomahawks
 I - 4 throwing nets
Armour
 a - a +1 robe (worn)
 o - a +2 cloak (worn)
Jewellery
 g - an uncursed ring of protection from magic
 q - a +6 ring of strength (right claw)
 H - a +2 ring of slaying (left claw)
 R - an uncursed amulet of guardian spirit {unknown}
 S - an uncursed ring of stealth {unknown}
Wands
 c - a wand of flame (23/48)
 e - a wand of digging (12/24)
 j - a wand of polymorph (11/24)
 v - a wand of flame (21/48)
 C - a wand of disintegration (9/24)
 J - a wand of slowing (19/48)
Scrolls
 f - a scroll of fear
 n - 2 scrolls of teleportation
 r - a scroll of remove curse
 s - a scroll of amnesia
 t - 2 scrolls of fog
 y - 2 scrolls of enchant armour
 A - a scroll of torment {unknown}
 E - 11 scrolls of identify
 L - a scroll of brand weapon {unknown}
 M - 2 scrolls of recharging {unknown}
 O - a scroll of magic mapping {unknown}
 V - a scroll of vulnerability {unknown}
Potions
 d - 3 potions of agility
 k - 2 potions of cure mutation {unknown}
 u - a potion of flight {unknown}
 x - a potion of resistance
 B - a potion of heal wounds
 D - a potion of haste {unknown}
 F - 2 potions of brilliance
 Q - a potion of cancellation {unknown}
Books
 N - a book of the Earth

   Spells                             Type                      Level
   a - Leda's Liquefaction            Hexes/Earth                  4
   b - Bolt of Magma                  Conjuration/Fire/Earth       5
   c - Statue Form                    Transmutation/Earth          6
   d - Iron Shot                      Conjuration/Earth            6
   e - Shatter                        Earth                        9
 P - a book of Transfigurations

   Spells                             Type                      Level
   a - Irradiate                      Conjuration/Transmutation    5
   b - Statue Form                    Transmutation/Earth          6
   c - Hydra Form                     Transmutation                6
   d - Dragon Form                    Transmutation                7
Miscellaneous
 K - a sack of spiders {used: 2}
 U - a phantom mirror
Comestibles
 b - 13 bread rations
 h - 3 meat rations
 i - 4 beef jerkies
 l - 3 slices of pizza
 p - a royal jelly
 G - 8 fruits
 T - a chunk of flesh


   Skills:
 + Level 7.5 Fighting
 - Level 6.0 Dodging
 + Level 11.9 Unarmed Combat
 - Level 6.0 Invocations
 + Level 5.9 Evocations


You had 10 spell levels left.
You didn't know any spells.

Dungeon Overview and Level Annotations

Branches:
Dungeon (9/15)             Temple (0/1) D:4            Lair (4/8) D:9
 Shoals (0/4) Lair:3       Spider (0/4) Lair:3          Orc (0/2) D:9

Altars:
Ashenzari
Cheibriados
Dithmenos
Gozag
Kikubaaqudgha
Makhleb
Okawaru
Pakellas
Trog
Zin

Annotations:
D:5 Duvessa


Innate Abilities, Weirdness & Mutations

You are too large for most types of armour.
You have claws for hands.
Your metabolism is lightning-fast.
You like to eat raw meat.
You heal very quickly.
You are covered in fur (AC +1).
You have very tough skin (AC +2).


Message History

You enter the shallow water.
Moving in this stuff is going to be slow.
The five-headed hydra barely misses you.
The five-headed hydra bites you. x3; The five-headed hydra bites you!
The iguana bites you! The spiny frog misses you. The spiny frog stings you!!
* * * LOW HITPOINT WARNING * * *
There is a stone staircase leading up here.
The spiny frog stings you!!
* * * LOW HITPOINT WARNING * * *
You are poisoned.
The spiny frog poisons you!
The five-headed hydra barely misses you.
The five-headed hydra bites you.
* * * LOW HITPOINT WARNING * * *
The five-headed hydra bites you.
* * * LOW HITPOINT WARNING * * *
The five-headed hydra bites you!
You die...

.P.....# ......# #..#
.P .....## #..###
..## ......#
##..#.##..# ......#
#.....≈.#..#
.....P###..≈≈≈≈....
.......#..≈≈≈≈≈≈≈.##
#.F.....P.≈≈≈≈≈....##
####.#....≈≈≈≈≈≈@..P#
# ####...≈≈≈≈≈FD..P#
#### #.....≈≈≈≈≈l...#
...# ##....≈≈≈≈≈≈..##
...####.##.≈≈≈≈≈≈..#
.P...######..≈≈≈≈..#
####...#####......##
###.P.##P.....##
###P.......#.##


You could see a five-headed hydra, a spiny frog and an iguana.

Vanquished Creatures
  An orb spider (Lair:3)
  2 sirens (Lair:3)
  A black mamba (Lair:1)
  5 spiny frogs
  2 komodo dragons (Lair:1)
  A rime drake (Lair:3)
  8 blink frogs
  Prince Ribbit (Lair:2)
  A two-headed ogre (D:9)
  Sigmund (D:2)
  A spriggan (D:9)
  Eustachio (D:4)
  2 basilisks (Lair:2)
  5 hippogriffs
  Edmund (D:5)
  The ghost of junkhipster the Covered, an amateur GrFi (D:3)
  4 water moccasins
  8 porcupines
  An eye of draining (D:7)
  2 phantoms
  2 sky beasts
  2 ice beasts
  3 ogres
  An orc warrior (D:9)
  A black bear (D:6)
  A necrophage (D:5)
  4 wolves (Lair:3)
  5 crocodiles
  2 big kobolds (D:9)
  12 giant frogs
  A wyvern skeleton (D:8)
  Dowan (D:5)
  3 killer bees (D:8)
  3 wights (D:6)
  2 crimson imps (D:6)
  A gnoll shaman (D:7)
  4 hounds
  4 orc priests
  Crazy Yiuf (D:2)
  5 orc wizards
  A giant frog skeleton (D:9)
  9 iguanas
  A hell rat (D:9)
  6 worker ants
  13 sheep
  2 hound skeletons (D:7)
  8 gnolls
  25 river rats
  5 adders
  2 shadow imps
  An ooze (D:2)
  2 adder zombies
  2 adder skeletons
  2 worms
  3 dart slugs
  5 giant geckos
  25 orcs
  6 giant cockroaches
  5 goblins
  10 hobgoblins
  15 jackals
  19 kobolds
  6 quokkas
  5 ball pythons
  11 bats
  4 giant newts
  A quokka skeleton (D:9)
  13 rats
314 creatures vanquished.

Vanquished Creatures (others)
  2 plants
2 creatures vanquished.

Grand Total: 316 creatures vanquished

Notes
Turn   | Place    | Note
--------------------------------------------------------------
     0 | Abyss:1  | hairmachine the Troll Abyssal Knight began the quest for the Orb.
     0 | Abyss:1  | Reached XP level 1. HP: 22/22 MP: 1/1
     0 | D:1      | Escaped the Abyss
   157 | D:1      | Reached XP level 2. HP: 26/29 MP: 2/2
   356 | D:1      | Reached skill level 3 in Unarmed Combat
   587 | D:1      | Reached * piety under Lugonu
   732 | D:1      | Reached XP level 3. HP: 36/36 MP: 3/3
  1321 | D:2      | Reached skill level 4 in Unarmed Combat
  1380 | D:2      | Reached ** piety under Lugonu
  1583 | D:2      | Reached XP level 4. HP: 43/44 MP: 4/4
  1588 | D:2      | Found a snail-covered altar of Cheibriados.
  2067 | D:2      | Noticed Crazy Yiuf
  2092 | D:2      | Killed Crazy Yiuf
  2092 | D:2      | Reached skill level 5 in Unarmed Combat
  2171 | D:2      | Noticed Sigmund
  2175 | D:3      | Noticed a sky beast
  2185 | D:3      | Killed a sky beast
  2185 | D:3      | Reached skill level 6 in Unarmed Combat
  2185 | D:3      | Reached XP level 5. HP: 29/50 MP: 5/5
  2407 | D:3      | Noticed junkhipster's ghost (amateur GrFi)
  2575 | D:2      | Killed Sigmund
  2575 | D:2      | Reached XP level 6. HP: 52/59 MP: 6/6
  2697 | D:2      | Noticed a moth of wrath
  2700 | D:2      | Found a bloodstained altar of Trog.
  2890 | D:3      | Reached *** piety under Lugonu
  3179 | D:3      | Found an oddly glowing altar of Pakellas.
  3228 | D:3      | Killed junkhipster's ghost
  3228 | D:3      | Reached XP level 7. HP: 41/67 MP: 7/7
  3963 | D:4      | Noticed Eustachio
  4007 | D:4      | Killed Eustachio
  4164 | D:4      | Reached skill level 7 in Unarmed Combat
  4628 | D:4      | Found a staircase to the Ecumenical Temple.
  4682 | D:4      | Reached **** piety under Lugonu
  4688 | D:4      | Reached XP level 8. HP: 56/78 MP: 8/8
  5082 | D:5      | Entered Level 5 of the Dungeon
  5084 | D:5      | Noticed Edmund
  5098 | D:5      | Killed Edmund
  5329 | D:5      | Found a shattered altar of Ashenzari.
  5432 | D:5      | Noticed Duvessa
  5477 | D:5      | Noticed Dowan
  5492 | D:5      | Killed Dowan
  5519 | D:5      | Reached skill level 5 in Fighting
  5519 | D:5      | Reached skill level 8 in Unarmed Combat
  5860 | D:6      | Got a pair of jewelled boots
  6116 | D:6      | Reached skill level 5 in Dodging
  6197 | D:6      | Reached XP level 9. HP: 59/87 MP: 8/10
  6646 | D:7      | Found an opulent altar of Gozag.
  6737 | D:7      | Reached skill level 9 in Unarmed Combat
  6774 | D:7      | Found a glowing silver altar of Zin.
  7147 | D:7      | Found an iron altar of Okawaru.
  7505 | D:8      | Found an ancient bone altar of Kikubaaqudgha.
  7785 | D:9      | Reached skill level 1 in Evocations
  7864 | D:9      | Reached skill level 5 in Invocations
  7957 | D:9      | Found a burning altar of Makhleb.
  8001 | D:9      | Reached ***** piety under Lugonu
  8037 | D:9      | Reached XP level 10. HP: 95/95 MP: 12/12
  8088 | D:9      | Found a staircase to the Orcish Mines.
  8282 | D:9      | Found a shadowy altar of Dithmenos.
  8330 | D:9      | Reached skill level 10 in Unarmed Combat
  8550 | D:9      | Found a staircase to the Lair.
  8573 | Lair:1   | Entered Level 1 of the Lair of Beasts
  8716 | Lair:1   | Noticed a spiny frog
  8722 | Lair:1   | Killed a spiny frog
  8769 | Lair:1   | Noticed a spiny frog
  8788 | Lair:1   | Killed a spiny frog
  9021 | Lair:1   | Noticed a black mamba
  9033 | Lair:1   | Killed a black mamba
  9144 | Lair:1   | Noticed a spiny frog
  9174 | Lair:1   | Killed a spiny frog
  9640 | Lair:2   | Noticed Prince Ribbit
  9701 | Lair:2   | Killed Prince Ribbit
  9701 | Lair:2   | Reached skill level 11 in Unarmed Combat
  9716 | Lair:2   | Reached XP level 11. HP: 64/104 MP: 14/14
  9790 | Lair:2   | Got an iridescent quarterstaff
  9791 | Lair:2   | Identified the +11 quarterstaff of Gluttony {freeze, *Noise rC+++ MP+9 SInv} (You found it on level 2 of the Lair of Beasts)
 10864 | Lair:3   | Reached skill level 5 in Evocations
 10970 | Lair:3   | Found a hole to the Spider Nest.
 10970 | Lair:3   | Noticed an orb spider
 11112 | Lair:3   | Killed an orb spider
 11276 | Lair:3   | Reached ****** piety under Lugonu
 11361 | Lair:3   | HP: 8/163 [blink frog (9)]
 11806 | Lair:3   | Found a staircase to the Shoals.
 12370 | Lair:4   | Noticed a four-headed hydra
 12408 | Lair:4   | Slain by a five-headed hydra

Skill      XL: |  1  2  3  4  5  6  7  8  9 10 11 |
---------------+----------------------------------+-----
Unarmed Combat | 3 4 6 7 8 9 11 | 11.9
Dodging        | 2 3 5 6 |  6.0
Fighting       | 3 4 5 6 7 |  7.5
Invocations    | 2 5 6 |  6.0
Evocations     | 1 4 5 |  5.9

Action                   |  1- 3 |  4- 6 |  7- 9 | 10-12 || total
-------------------------+-------+-------+-------+-------++-------
Melee: Unarmed           |   104 |   113 |   399 |   363 ||   979
       Punch             |       |     2 |    15 |    19 ||    36
Throw: Stone             |       |       |     7 |     2 ||     9
       Tomahawk          |       |       |    13 |     1 ||    14
       Throwing net      |       |       |     1 |     3 ||     4
Invok: Depart the Abyss  |     1 |       |       |       ||     1
Evoke: Wand              |       |       |     1 |     4 ||     5
       Sack of spiders   |       |       |       |     2 ||     2
  Use: Scroll            |     1 |     4 |     5 |     6 ||    16
       Potion            |       |     3 |       |     5 ||     8
 Stab: Distracted        |       |       |     1 |     1 ||     2
       Held in net/web   |       |       |     1 |     1 ||     2
       Sleeping          |       |       |       |     1 ||     1
  Eat: Chunk             |    20 |    14 |    45 |    37 ||   116
Armor: Robe              |    32 |    32 |   127 |    72 ||   263
       Skin              |       |     1 |       |     4 ||     5
Dodge: Dodged            |    51 |    64 |   175 |   147 ||   437
